 Dungeon Crawl Stone Soup version 0.30-a0-862-g1aabd4f9c5 (webtiles) character file.

Game seed: 1922837646012605651

22 DiggyJ the Firebug (level 2, -4/15 HPs)
             Began as a Deep Elf Fire Elementalist on Mar 8, 2023.
             Slain by a worm (6 damage)
             ... on level 2 of the Dungeon.
             The game lasted 00:04:16 (971 turns).

DiggyJ the Firebug (Deep Elf Fire Elementalist)      Turns: 971, Time: 00:04:16

Health: -4/15      AC:  3    Str:  5    XL:     2   Next: 68%
Magic:  2/8        EV: 13    Int: 19    God:
Gold:   96         SH:  0    Dex: 15    Spells: 6/7 levels left

rFire   . . .      SeeInvis .    (no weapon)
rCold   . . .      Faith    .    (no shield)
rNeg    . . .      Spirit   .    a - +0 robe
rPois   .          Reflect  .    (no helmet)
rElec   .          Rampage  .    (no cloak)
rCorr   .                        (no gloves)
Will    .....                    j - +0 pair of boots
Stlth   ++                       (no amulet)
HPRegen 0.22/turn                c - ring of flight
MPRegen 0.11/turn                (no ring)

@: flying
A: no striking features
a: no special abilities


You were on level 2 of the Dungeon.
You visited 1 branch of the dungeon, and saw 2 of its levels.

You collected 96 gold pieces.

Inventory:

Armour
 a - a +0 robe (worn)
 j - a +0 pair of boots (worn)
Jewellery
 c - a ring of flight (left hand)
Scrolls
 f - a scroll of identify {unknown}
 g - a scroll of noise {unknown}
 h - 2 scrolls of silence {unknown}
 k - 3 scrolls of teleportation {unknown}
Potions
 b - 2 potions of magic
 d - a potion of haste {unknown}
 e - a potion of berserk rage {unknown}
 i - a potion of curing {unknown}


   Skills:
 + Level 2.7 Dodging
 + Level 2.4 Stealth
 + Level 3.4 Spellcasting
 + Level 1.2 Conjurations
 + Level 3.9 Fire Magic


You had 6 spell levels left.
You knew the following spells:

 Your Spells              Type           Power      Damage    Failure   Level
a - Foxfire               Conj/Fire      52%        2x1d6     4%          1

Your spell library contained the following spells:

 Spells                   Type           Power      Damage    Failure   Level
 Scorch                   Fire           36%        2d7       4%          2
 Inner Flame              Hex/Fire       10%        N/A       21%         3
 Kindle Blastsparks       Fire/Tloc/Air  16%        2d11      26%         3
 Flame Wave               Conj/Fire      13%        2d6       45%         4


Dungeon Overview and Level Annotations

Branches:
Dungeon (2/15)

Altars:


Message History

The foxfire hits the worm.
The worm is moderately wounded.
Your foxfire dissipates!
Casting: Foxfire (safe; 4% risk of failure)
Confirm with . or Enter, or press ? or * to list all spells.
You conjure some foxfire!
The worm bites you.
Your foxfire dissipates!
The foxfire hits the worm.
The worm is moderately wounded.
Casting: Foxfire (safe; 4% risk of failure)
Confirm with . or Enter, or press ? or * to list all spells.
You conjure some foxfire!
The foxfire hits the worm.
The worm is moderately wounded.
The foxfire hits the worm.
The worm is heavily wounded.
The worm misses you.
Casting: Foxfire (safe; 4% risk of failure)
Confirm with . or Enter, or press ? or * to list all spells.
You conjure some foxfire!
The foxfire hits the worm.
The worm is heavily wounded.
The foxfire hits the worm.
The worm is severely wounded.
The worm closely misses you.
Casting: Foxfire (safe; 4% risk of failure)
Confirm with . or Enter, or press ? or * to list all spells.
You conjure some foxfire!
The foxfire hits the worm.
The worm is almost dead.
The foxfire hits the worm.
The worm is almost dead.
The worm bites you!
Ouch! That really hurt!
* * * LOW HITPOINT WARNING * * *
Casting: Foxfire (safe; 4% risk of failure)
Confirm with . or Enter, or press ? or * to list all spells.
You conjure some foxfire!
The worm bites you.
You die...

..# #.# #.# #.#
#.# #.# . ##.##
#.#
...###...###.#####
..................
#####...###.#####
###.#########.##
#.# #
......v@v.....#
#.# #
#######w#######
##.##### #.#
#....<#. #.#
#.......
#.................
##############.#..
#.##. #. ## #. #


You could see a worm (ally target).

Vanquished Creatures
  4 endoplasms
  A giant cockroach (D:1)
  5 hobgoblins
  3 jackals (D:1)
  A quokka (D:1)
  A ball python (D:1)
  A bat (D:1)
  A kobold (D:1)
  A rat (D:1)
18 creatures vanquished.

Vanquished Creatures (others)
  62 foxfires
62 creatures vanquished.

Grand Total: 80 creatures vanquished

Notes
Turn   | Place    | Note
-------+----------+-------------------------------------------
     0 | D:1      | DiggyJ the Deep Elf Fire Elementalist began the quest for
                  | the Orb.
     0 | D:1      | Reached XP level 1. HP: 10/10 MP: 6/6
     5 | D:1      | Upgraded the game from 0.30-a0-860-g512cf1e979 to
                  | 0.30-a0-862-g1aabd4f9c5
   420 | D:1      | Reached XP level 2. HP: 15/15 MP: 4/8
   971 | D:2      | Slain by a worm

Illustrated notes

Levels and vault maps discovered:
D:1:      dpeg_arrival_court, layout_basic
D:2:      layout_loops_ring, basic_altar,
          dreamdust_ecumenical_altar_drowned_temple

Action                     || total
---------------------------++-------
   Cast: Foxfire           ||    37
  Dodge: Dodged            ||     2

Table legend: (Time is in decaauts)
 A = Elapsed time spent in this place.
 B = Non-inter-level travel time spent in this place.
 C = Inter-level travel time spent in this place.
 D = Time resting spent in this place.
 E = Time spent auto-exploring this place.
 F = Levels seen in this place.
 G = Mean time per level.
                   A        B        C        D        E       F      G
               +--------+--------+--------+--------+--------+-----+--------+
         Total |    970 |    907 |     63 |      0 |    738 |   2 |  485.0 |
       Dungeon |    970 |    907 |     63 |      0 |    738 |   2 |  485.0 |
               +--------+--------+--------+--------+--------+-----+--------+

Top non-repeatable levels by time:
     D:1: 875 daAuts
     D:2: 94 daAuts
